 Dungeon Crawl Stone Soup version 0.20.0-15-g7f486f2 (webtiles) character file.

47 Gargoyl the Skirmisher (level 3, 0/33 HPs)
             Began as a Draconian Abyssal Knight on June 14, 2017.
             Was a Follower of Lugonu.
             Succumbed to Robin's poison
             ... on level 2 of the Dungeon.
             The game lasted 00:02:48 (1138 turns).

Gargoyl the Skirmisher (Draconian Abyssal Knight)   Turns: 1138, Time: 00:02:49

Health: 0/33       AC:  5    Str: 11 (14) XL:     3   Next: 48%
Magic:  4/4        EV: 12    Int: 16 (17) God:    Lugonu [*.....]
Gold:   48         SH:  0    Dex: 10 (11) Spells: 2/2 levels left

rFire    + . .     SeeInvis .   a - +2 hand axe
rCold    + . .     Gourm    .   (no shield)
rNeg     . . .     Faith    .   (armour unavailable)
rPois    +         Spirit   .   (helmet restricted)
rElec    +         Reflect  .   (no cloak)
rCorr    +         Harm     .   (no gloves)
MR       .....                  (no boots)
Stlth    +.........             (no amulet)
Regen    0.2/turn               (no ring)
MPRegen  0.1/turn               (no ring)

@: brilliant, lethally poisoned (0 -> -14), resistant
A: unfitting armour, cold-blooded, AC +5
a: Depart the Abyss, Renounce Religion


You were on level 2 of the Dungeon.
You worshipped Lugonu.
Lugonu was aware of your devotion.
You were not hungry.

You visited 1 branch of the dungeon, and saw 2 of its levels.
You visited the Abyss 1 time.

You collected 48 gold pieces.

Inventory:

Hand Weapons
 a - a +2 hand axe (weapon)
Scrolls
 e - a scroll of teleportation
Comestibles
 b - a bread ration
 c - a meat ration
 d - 4 fruits
 f - 2 chunks of flesh


   Skills:
 + Level 3.8 Fighting
 + Level 2.4 Axes
 * Level 2.5 Dodging
 * Level 1.1 Stealth
 * Level 2.3 Invocations


You had 2 spell levels left.
You didn't know any spells.

Dungeon Overview and Level Annotations

Branches:
Dungeon (2/15)

Altars:
Vehumet

Annotations:
D:2 Robin


Innate Abilities, Weirdness & Mutations

Your plain brown scales are hard. (AC +5)
You cannot fit into any form of body armour.
You are cold-blooded and may be slowed by cold attacks.


Message History

Unknown command.
It was a potion of degeneration.
There was something very wrong with that liquid.
You feel weakened.
You feel dopey.
You feel clumsy. The hobgoblin misses you. Robin misses you.
Unknown command.
It was a potion of brilliance.
You feel clever all of a sudden.
* * * LOW HITPOINT WARNING * * *
You feel sick. The hobgoblin misses you. Robin hits you with a mace of venom.
* * * LOW HITPOINT WARNING * * *
You are more poisoned.
It was a potion of resistance.
You feel protected.
* * * LOW HITPOINT WARNING * * *
You feel sick. The hobgoblin closely misses you.
You hit Robin.
Robin is severely wounded.
You barely miss the hobgoblin.
You die...

#....§§..# #...§....#
#...._...# #..)§.§..#
#....§§). #...... #
#######.g)##...#
........@g.....#
#######.######†########
.............(.........
##.......######.########
.........# #.#
.#.......######.##########
.#<................).....#
.........######.########[#
..##.#.#..#......÷.....#.#


You could see Robin and a hobgoblin.

Vanquished Creatures
  An adder (D:2)
  A white imp (Abyss:1)
  A dart slug (D:1)
  4 bats
  2 giant cockroaches (D:1)
  3 hobgoblins
  6 kobolds
  A quokka (D:2)
  A frilled lizard (D:1)
  6 goblins
  4 rats (D:1)
30 creatures vanquished.

Vanquished Creatures (others)
  4 goblins (D:2)
  2 hobgoblins (D:2)
6 creatures vanquished.

Grand Total: 36 creatures vanquished

Notes
Turn   | Place    | Note
-------+----------+-------------------------------------------
     0 | Abyss:1  | Gargoyl the Draconian Abyssal Knight began the quest for the Orb.
     0 | Abyss:1  | Reached XP level 1. HP: 19/19 MP: 2/2
    74 | Abyss:2  | Noticed a quasit
    86 | D:1      | Escaped the Abyss
   193 | D:1      | Reached XP level 2. HP: 26/26 MP: 3/3
   346 | D:1      | Reached * piety under Lugonu
   820 | D:1      | Reached XP level 3. HP: 33/33 MP: 4/4
  1123 | D:2      | Found a radiant altar of Vehumet.
  1124 | D:2      | Noticed Robin
  1125 | D:2      | Reached skill level 1 in Stealth
  1138 | D:2      | Succumbed to Robin's poison

Skill      XL: |  1  2  3 |
---------------+----------+-----
Stealth        | 1 |  1.1
Fighting       | |  3.8
Axes           | |  2.4
Dodging        | |  2.5
Invocations    | |  2.3

Action                   || total
-------------------------++-------
Melee: Hand axe          ||    74
       Tailslap          ||    11
Invok: Depart the Abyss  ||     1
  Use: Scroll            ||     4
       Potion            ||     3
 Stab: Sleeping          ||     1
  Eat: Chunk             ||     1
Armor: Skin              ||    28
Dodge: Dodged            ||    60
